 Dungeon Crawl Stone Soup version 0.20-a0-4-gd166d5d (webtiles) character file.

888 JeffiDaFish the Shield-Bearer (level 8, -5/48 HPs)
             Began as a Gargoyle Fighter on Oct 31, 2016.
             Slain by a hill giant
             ... wielding a cursed -3 giant club
              (13 damage)
             ... on level 5 of the Dungeon.
             The game lasted 00:16:24 (4408 turns).

JeffiDaFish the Shield-Bearer (Gargoyle Fighter)    Turns: 4408, Time: 00:16:25

Health: -5/48      AC: 20    Str: 22    XL:     8   Next: 6%
Magic:  8/8        EV:  1    Int:  9    God:
Gold:   299        SH: 11    Dex: 13    Spells: 0 memorised, 7 levels left

rFire  + . .     SeeInvis .     a - +0 rapier
rCold  + . .     Gourm    .     e - +1 gold dragon scales
rNeg   + . .     Faith    .     c - +0 shield
rPois  ∞         Spirit   .     (no helmet)
rElec  +         Reflect  .     (no cloak)
rCorr  .         Harm     .     (no gloves)
MR     .....                    (no boots)
Stlth  ..........               (no amulet)
                                q - +3 ring of slaying
                                o - +4 ring of dexterity

@: no status effects
A: negative energy resistance 1, electricity resistance, unbreathing,
petrification resistance, rot immunity, AC +5
a: no special abilities


You were on level 5 of the Dungeon.
You were not hungry.

You visited 1 branch of the dungeon, and saw 5 of its levels.
You also visited: Sewer.

You collected 299 gold pieces.

Inventory:

Hand Weapons
 a - a +0 rapier (weapon)
Armour
 b - a +0 scale mail
 c - a +0 shield (worn)
 e - +1 gold dragon scales (worn)
Jewellery
 n - a +4 ring of evasion
 o - a +4 ring of dexterity (left hand)
 q - a +3 ring of slaying (right hand)
 r - an uncursed ring of resist corrosion
Wands
 d - a wand of teleportation (3/9)
 p - a wand of random effects (10/48)
 s - a wand of lightning (8/15)
Scrolls
 g - 3 scrolls of remove curse
Potions
 l - a potion of curing
 m - 2 potions of brilliance
 t - a potion of lignification {unknown}
Comestibles
 f - 2 bread rations
 h - 4 meat rations
 i - 2 beef jerkies
 j - 9 fruits
 k - a royal jelly


   Skills:
 + Level 4.5 Fighting
 + Level 5.5 Short Blades
 + Level 4.7 Armour
 + Level 0.2 Dodging
 + Level 6.4 Shields


You had 7 spell levels left.
You didn't know any spells.

Dungeon Overview and Level Annotations

Branches:
Dungeon (5/15)
 Temple: D:4-7

Altars:
The Shining One

Annotations:
D:5 2 runed doors


Innate Abilities, Weirdness & Mutations

You are resistant to torment.
Your stone body is resilient. (AC +5)
You are immune to poison.
You resist negative energy. (rN+)
You are resistant to electric shocks. (rElec)
You can survive without breathing.
You are immune to petrification.
You are immune to rotting.


Message History

You puncture the hill giant!
The hill giant is moderately wounded.
The hill giant hits you with a giant club.
Your gold dragon scales prevents you from hitting the hill giant.
The hill giant is moderately wounded.
You hit the hill giant but do no damage.
The hill giant is moderately wounded.
The hill giant hits you with a giant club.
You puncture the hill giant!
The hill giant is heavily wounded.
You block the hill giant's attack.
You puncture the hill giant!
The hill giant is heavily wounded.
The hill giant hits you with a giant club!!
* * * LOW HITPOINT WARNING * * *
You feel better.
You hit the hill giant.
The hill giant is severely wounded.
The hill giant hits you with a giant club!
You die...

#.......
####.....#
#.......#
##)##....#
##........#
#..##''##.+
#r##8..8###
#C#8....8#
#@#$....?#
#.#[..).)#
#.#8....8#
#.##8..8###
#..##++##.+
##........#
######.#.#
#.# # #.#


You could see a hill giant and a quokka.

Vanquished Creatures
  Edmund (D:5)
  2 ogres (D:4)
  Blork the orc (D:5)
  2 bullfrogs (Sewer)
  A scorpion (D:5)
  A howler monkey (D:4)
  A hound (D:5)
  A worker ant (D:4)
  8 adders
  10 oozes
  An adder skeleton (D:4)
  An adder zombie (D:5)
  A dart slug (D:1)
  A worm (D:2)
  11 leopard geckos
  2 orcs (D:4)
  17 ball pythons
  21 giant cockroaches
  6 goblins
  4 hobgoblins
  9 jackals
  4 quokkas
  13 bats
  11 frilled lizards
  4 kobolds
  10 rats
144 creatures vanquished.

Notes
Turn   | Place    | Note
-------+----------+-------------------------------------------
     0 | D:1      | JeffiDaFish the Gargoyle Fighter began the quest for the Orb.
     0 | D:1      | Reached XP level 1. HP: 14/14 MP: 1/1
    31 | D:1      | Reached XP level 2. HP: 15/19 MP: 2/2
   308 | D:1      | Reached XP level 3. HP: 23/23 MP: 3/3
   418 | D:1      | Reached skill level 4 in Shields
  1108 | D:2      | Reached XP level 4. HP: 28/29 MP: 4/4
  1567 | D:3      | Found a glowing drain.
  1616 | Sewer    | Entered a sewer
  1707 | Sewer    | Reached XP level 5. HP: 33/33 MP: 5/5
  2041 | Sewer    | Reached skill level 5 in Shields
  2236 | Sewer    | Reached XP level 6. HP: 16/38 MP: 6/6
  2656 | D:3      | Found a glowing golden altar of the Shining One.
  3521 | D:4      | Reached skill level 6 in Shields
  3521 | D:4      | Reached XP level 7. HP: 40/43 MP: 7/7
  4068 | D:5      | Entered Level 5 of the Dungeon
  4100 | D:5      | Noticed Blork the orc
  4121 | D:5      | Killed Blork the orc
  4121 | D:5      | Reached skill level 5 in Short Blades
  4327 | D:5      | Found a large runed door.
  4331 | D:5      | Found a large runed door.
  4347 | D:5      | Noticed Edmund
  4349 | D:5      | Found a large runed door.
  4349 | D:5      | Found a large runed door.
  4374 | D:5      | Killed Edmund
  4374 | D:5      | Reached XP level 8. HP: 48/48 MP: 8/8
  4392 | D:5      | Noticed a hill giant
  4408 | D:5      | Slain by a hill giant

Vault maps used:
D:1:      scummos_arrival_star
D:3:      tso_metal_star, gup_sewer_entry_pipe, kennysheep_generic_room_12
D:5:      minmay_opposing_rooms, dancing_weapons_uskayaw, first_bread,
          grunt_ministairs_10, minmay_hollow_rounded_squares,
          uniq_blork_the_orc, uniq_menkaure, uniq_edmund
Sewer:    sewer_frog_island_02

Skill      XL: |  1  2  3  4  5  6  7 |
---------------+----------------------+-----
Shields        | 4 5 6 |  6.4
Short Blades   | 2 3 4 5 |  5.5
Fighting       | 4 |  4.5
Armour         | 4 |  4.7
Dodging        | |  0.2

Action                   |  1- 3 |  4- 6 |  7- 9 || total
-------------------------+-------+-------+-------++-------
Melee: Rapier            |   190 |   490 |    90 ||   770
  Use: Potion            |     1 |     3 |     1 ||     5
       Scroll            |     4 |    10 |     1 ||    15
  Eat: Chunk             |     1 |     9 |     3 ||    13
Armor: Scale mail        |    36 |       |       ||    36
       Gold dragon scale |   154 |   476 |    43 ||   673
Dodge: Dodged            |    34 |   149 |     3 ||   186
Block: Shield            |   132 |   361 |    36 ||   529
